 Dungeon Crawl Stone Soup version 0.22.0 (webtiles) character file.

3997 Blackhawk the Shield-Bearer (level 10, 0/79 HPs)
             Began as a Formicid Abyssal Knight on Oct 27, 2018.
             Was a Priest of Lugonu.
             Slain by a water moccasin (4 damage)
             ... on level 8 of the Dungeon.
             The game lasted 00:16:57 (8708 turns).

Blackhawk the Shield-Bearer (FoAK)                  Turns: 8708, Time: 00:16:58

Health: 0/79       AC: 23    Str: 21    XL:     10   Next: 46%
Magic:  4/15       EV:  7    Int: 11    God:    Lugonu [***...]
Gold:   324        SH:  5    Dex: 10    Spells: 9/9 levels left

rFire    . . .     SeeInvis +   E - +2 flail (holy)
rCold    . . .     Gourm    .   f - +0 buckler
rNeg     . . .     Faith    .   i - +0 plate armour
rPois    .         Spirit   .   (helmet unavailable)
rElec    .         Reflect  .   A - +2 cloak
rCorr    .         Harm     .   j - +0 pair of gloves
MR       +....                  z - +1 pair of boots
Stlth    ..........             k - amulet of the acrobat
HPRegen  0.23/turn              y - +3 ring of protection
MPRegen  0.14/turn              (no ring)

@: lethally poisoned (0 -> -1)
A: permanent stasis, dig shafts and tunnels, four strong arms, antennae 3
a: Dig, Shaft Self, Depart the Abyss, Bend Space, Banish, Renounce Religion


You were on level 8 of the Dungeon.
You worshipped Lugonu.
Lugonu was most pleased with you.
You were very hungry.

You visited 1 branch of the dungeon, and saw 8 of its levels.
You visited the Abyss 1 time.

You collected 324 gold pieces.

Inventory:

Hand Weapons
 a - a +1 mace
 E - a +2 flail of holy wrath (weapon)
Missiles
 u - 51 sling bullets
 w - 9 tomahawks (quivered)
Armour
 f - a +0 buckler (worn)
 i - a +0 plate armour (worn)
 j - a +0 pair of gloves (worn)
 v - a +0 cloak
 z - a +1 pair of boots (worn)
 A - a +2 cloak (worn)
Jewellery
 k - an amulet of the acrobat (around neck)
 q - a +3 amulet of reflection {unknown}
 y - a +3 ring of protection (left hand)
 J - an uncursed ring of flight {unknown}
Wands
 G - a wand of flame (27)
 I - a wand of iceblast (9)
 L - a wand of random effects (15)
Scrolls
 d - 6 scrolls of teleportation
 e - 2 scrolls of magic mapping {unknown}
 n - 5 scrolls of remove curse {unknown}
 o - 4 scrolls of identify
 r - 2 scrolls of immolation {unknown}
 s - a scroll of amnesia {unknown}
 t - 2 scrolls of enchant weapon {unknown}
 D - a scroll of random uselessness {unknown}
Potions
 b - a potion of berserk rage
 g - a potion of curing {unknown}
 h - 3 potions of haste {unknown}
 l - a potion of invisibility {unknown}
 m - 2 potions of ambrosia {unknown}
 p - a potion of degeneration {unknown}
 x - a potion of resistance {unknown}
 B - a potion of agility {unknown}
 C - 2 potions of cancellation {unknown}
 F - a potion of mutation {unknown}
 H - 4 potions of flight {unknown}
Comestibles
 c - 14 rations
 K - 3 chunks of flesh


   Skills:
 + Level 7.5 Fighting
 + Level 6.4 Maces & Flails
 + Level 7.0 Armour
 - Level 3.6 Dodging
 * Level 7.8 Shields
 + Level 7.7 Invocations


You had 9 spell levels left.
You didn't know any spells.
Your spell library was empty.

Dungeon Overview and Level Annotations

Branches:
Dungeon (8/15)             Temple (0/1) D:5
   Lair: D:8-11

Altars:
Cheibriados
Dithmenos
Fedhas
Nemelex Xobeh
Okawaru

Shops:
D:5 [   D:7 ?:*[


Innate Abilities, Weirdness & Mutations

You cannot be hasted, slowed, berserked, paralysed or teleported.
You can dig through walls and to a lower floor.
Your four strong arms can wield two-handed weapons with a shield.
You have a pair of large antennae on your head. (SInv)


Message History

You sock the water moccasin!
The water moccasin is moderately wounded.
You block the water moccasin's attack.
The water moccasin bites you but does no damage.
You miss the water moccasin.
The water moccasin is moderately wounded.
You block the water moccasin's attack.
Your plate armour prevents you from hitting the water moccasin.
The water moccasin is moderately wounded.
You feel sick.
The water moccasin bites you but does no damage.
You block the water moccasin's attack.
You miss the water moccasin.
The water moccasin is moderately wounded.
You block the water moccasin's attack.
You barely miss the water moccasin.
The water moccasin is moderately wounded.
The water moccasin bites you but does no damage.
The water moccasin bites you.
You die...

...... ....... .......
....... ........# ......#
.........##.......
#..........#.......
$.....?............#.....
.#.#.#!#.#.#.#.#.......≈..
..#.#.....@S.....##.....≈≈.
.#.#.#...#.#†#.####.....≈.≈
..#.....÷†#.............≈≈≈
.#.#.....#.#.#.###..#..≈≈≈≈
.......$.....#.........≈≈≈≈
.#.......#.................
...........#............≈≈≈
.#.#.#.#..##..............≈
....#..................≈≈≈≈


You could see a water moccasin.

Vanquished Creatures
  A troll (D:8)
  A hippogriff (D:7)
  A spriggan (D:7)
  Eustachio (D:3)
  A wyvern (D:8)
  Edmund (D:6)
  3 orc warriors
  A sky beast (D:8)
  A black bear (D:6)
  3 wolves
  5 ogres
  A phantom (D:5)
  2 centaurs
  4 bullfrogs
  2 scorpions
  A water moccasin skeleton (D:8)
  4 wights (D:7)
  3 howler monkeys (D:8)
  A bullfrog zombie (D:7)
  A crimson imp (D:4)
  4 hounds
  A bullfrog skeleton (D:4)
  4 orc priests
  5 orc wizards
  6 worker ants
  A hound skeleton (D:7)
  5 adders
  4 gnolls
  A shadow imp (D:5)
  5 oozes
  2 adder skeletons
  4 worms
  9 leopard geckos
  19 orcs
  8 bats
  8 giant cockroaches
  2 goblins
  9 hobgoblins
  3 jackals (D:5)
  8 kobolds
  3 quokkas
  2 ball pythons
  4 frilled lizards
  A leopard gecko zombie (D:7)
  5 rats
161 creatures vanquished.

Vanquished Creatures (others)
  A troll (D:8)
  A plant (D:7)
2 creatures vanquished.

Grand Total: 163 creatures vanquished

Notes
Turn   | Place    | Note
-------+----------+-------------------------------------------
     0 | Abyss:1  | Blackhawk the Formicid Abyssal Knight began the quest for the Orb.
     0 | Abyss:1  | Reached XP level 1. HP: 18/18 MP: 2/2
    43 | Abyss:1  | Found a snail-covered altar of Cheibriados.
    56 | Abyss:1  | Noticed a small abomination
    57 | D:1      | Escaped the Abyss
   147 | D:1      | Reached * piety under Lugonu
   147 | D:1      | Reached skill level 1 in Dodging
   332 | D:1      | Reached XP level 2. HP: 24/24 MP: 3/3
   988 | D:2      | Reached XP level 3. HP: 29/29 MP: 4/4
  1485 | D:2      | Reached XP level 4. HP: 36/37 MP: 6/6
  1573 | D:2      | Found a blossoming altar of Fedhas.
  2274 | D:3      | Reached ** piety under Lugonu
  2296 | D:3      | Reached XP level 5. HP: 42/42 MP: 7/7
  2482 | D:3      | Noticed a bullfrog
  2496 | D:3      | Killed a bullfrog
  2496 | D:3      | Reached XP level 6. HP: 34/48 MP: 8/8
  2947 | D:4      | Noticed Eustachio
  3019 | D:3      | Killed Eustachio
  3144 | D:4      | Noticed an ogre
  3154 | D:4      | Killed an ogre
  3154 | D:4      | Reached XP level 7. HP: 16/55 MP: 10/10
  3696 | D:4      | Reached skill level 5 in Fighting
  3920 | D:4      | Found an iron altar of Okawaru.
  4458 | D:4      | Reached skill level 5 in Invocations
  4458 | D:4      | Reached XP level 8. HP: 36/62 MP: 11/11
  4905 | D:5      | Entered Level 5 of the Dungeon
  5010 | D:5      | Found Jyrred's Armour Boutique.
  5186 | D:5      | Found a staircase to the Ecumenical Temple.
  5293 | D:5      | Reached skill level 1 in Shields
  5433 | D:5      | Found a sparkling altar of Nemelex Xobeh.
  5500 | D:6      | Reached skill level 5 in Armour
  5602 | D:6      | Reached *** piety under Lugonu
  5684 | D:6      | Noticed Edmund
  5705 | D:6      | Killed Edmund
  6032 | D:7      | Found Pefydoam's Assorted Antiques.
  6059 | D:7      | Found Ereusuk's Antique Armour Shop.
  6086 | D:7      | Noticed a spriggan baker
  6121 | D:7      | Killed a spriggan baker
  6121 | D:7      | Reached XP level 9. HP: 60/69 MP: 13/13
  6262 | D:7      | Found a snail-covered altar of Cheibriados.
  6288 | D:7      | Reached skill level 5 in Maces & Flails
  6517 | D:7      | Reached skill level 5 in Shields
  6747 | D:7      | Found Soadic's Magic Scroll Emporium.
  6908 | D:7      | Noticed a hippogriff
  6936 | D:7      | Killed a hippogriff
  7170 | D:7      | Found a shadowy altar of Dithmenos.
  7350 | D:7      | Found Ateatapu's Book Emporium.
  8048 | D:8      | Reached XP level 10. HP: 43/77 MP: 15/15
  8708 | D:8      | Slain by a water moccasin

Skill      XL: |  1  2  3  4  5  6  7  8  9 10 |
---------------+-------------------------------+-----
Dodging        | 1 2 3 |  3.6
Invocations    | 3 4 5 7 |  7.7
Armour         | 3 4 5 6 7 |  7.0
Fighting       | 4 5 6 7 |  7.5
Maces & Flails | 3 4 5 6 |  6.4
Shields        | 3 6 7 |  7.8

Action                   |  1- 3 |  4- 6 |  7- 9 | 10-12 || total
-------------------------+-------+-------+-------+-------++-------
Melee: Mace              |   105 |   162 |   232 |       ||   499
       Flail             |       |       |   239 |   136 ||   375
Invok: Depart the Abyss  |     1 |       |       |       ||     1
       Banish            |       |       |       |     3 ||     3
 Abil: Dig               |       |       |     4 |     1 ||     5
  Use: Scroll            |       |       |     3 |       ||     3
  Eat: Chunk             |     2 |     5 |    18 |     2 ||    27
Armor: Leather armour    |     8 |       |       |       ||     8
       Plate armour      |    67 |    81 |   216 |   124 ||   488
       Chain mail        |       |    62 |   104 |       ||   166
Dodge: Dodged            |    49 |    70 |   191 |    53 ||   363
Block: Buckler           |       |       |    52 |    63 ||   115
